 Dungeon Crawl Stone Soup version 0.28.0-43-g3370ac3207 (webtiles) character file.

Game seed: 16649376928921613538

287 Ablot the Grasshopper (level 6, -12/50 HPs)
             Began as a Gnoll Warper on Feb 27, 2022.
             Was an Initiate of Okawaru.
             Mangled by an ogre
             ... wielding a +0 giant club
              (32 damage)
             ... on level 4 of the Dungeon.
             The game lasted 00:05:02 (3575 turns).

Ablot the Grasshopper (Gnoll Warper)                Turns: 3575, Time: 00:05:02

Health: -12/50     AC:  4    Str: 16    XL:     6   Next: 30%
Magic:  14/14      EV: 13    Int: 15    God:    Okawaru [......]
Gold:   218        SH:  0    Dex: 12    Spells: 13/15 levels left

rFire   . . .      SeeInvis .   u - +2 flail "Jokaw" {holy, rN++ Str+4 Int+3}
rCold   . . .      Faith    .   (no shield)
rNeg    + + .      Spirit   .   b - +0 leather armour
rPois   .          Reflect  .   l - +0 helmet
rElec   .          Harm     .   (no cloak)
rCorr   .          Rampage  .   (no gloves)
Will    .....                   (no boots)
Stlth   ++........              (no amulet)
HPRegen 0.16/turn               (no ring)
MPRegen 0.14/turn               (no ring)

@: no status effects
A: fangs 1, strong nose, distributed training
a: Renounce Religion


You were on level 4 of the Dungeon.
You worshipped Okawaru.
Okawaru was noncommittal.
You visited 1 branch of the dungeon, and saw 4 of its levels.

You collected 218 gold pieces.

Inventory:

Hand Weapons
 a - a +0 spear
 u - the +2 flail "Jokaw" (weapon) {holy, rN++ Str+4 Int+3}
   (You found it on level 4 of the Dungeon)

   It has been blessed by the Shining One to cause great damage to the undead
   and demons.
   Str:       It affects your strength (+4).
   Int:       It affects your intelligence (+3).
   rN:        It greatly protects you from negative energy.
Missiles
 d - 5 boomerangs of dispersal
 e - 99 stones
 m - 5 poisoned darts (quivered)
 t - 41 arrows
Armour
 b - a +0 leather armour (worn)
 l - a +0 helmet (worn)
Wands
 v - a wand of paralysis (11)
Scrolls
 c - 2 scrolls of blinking
 g - a scroll of fog {unknown}
 h - a scroll of teleportation {unknown}
 p - 6 scrolls of identify {unknown}
 r - a scroll of enchant weapon {unknown}
 s - a scroll of magic mapping {unknown}
Potions
 f - a potion of heal wounds {unknown}
 i - a potion of flight {unknown}
 j - a potion of lignification {unknown}
 k - 2 potions of attraction {unknown}
 n - a potion of magic {unknown}
 o - 2 potions of curing {unknown}
 q - 2 potions of invisibility {unknown}
 w - a potion of brilliance {unknown}


   Skills:
 + Level 4.9 Fighting
 + Level 1.9 Short Blades
 + Level 1.9 Long Blades
 + Level 1.9 Axes
 + Level 1.9 Maces & Flails
 + Level 4.9 Polearms
 + Level 1.9 Staves
 + Level 1.9 Slings
 + Level 1.9 Bows
 + Level 1.9 Crossbows
 + Level 3.2 Throwing
 + Level 3.2 Armour
 + Level 4.9 Dodging
 + Level 1.9 Stealth
 + Level 1.9 Shields
 + Level 1.9 Unarmed Combat
 + Level 5.3 Spellcasting
 + Level 1.5 Conjurations
 + Level 1.5 Hexes
 + Level 1.5 Summonings
 + Level 1.5 Necromancy
 + Level 5.6 Translocations
 + Level 1.5 Transmutations
 + Level 1.5 Fire Magic
 + Level 1.5 Ice Magic
 + Level 1.5 Air Magic
 + Level 1.5 Earth Magic
 + Level 1.5 Poison Magic
 + Level 2.1 Invocations
 + Level 1.9 Evocations


You had 13 spell levels left.
You knew the following spells:

 Your Spells              Type           Power      Damage    Failure   Level
a - Blink                 Tloc           42%        N/A       2%          2

Your spell library contained the following spells:

 Spells                   Type           Power      Damage    Failure   Level
 Gell's Gravitas          Tloc           21%        N/A       5%          3
 Lesser Beckoning         Tloc           21%        N/A       5%          3
 Teleport Other           Tloc           21%        N/A       5%          3
 Manifold Assault         Tloc           21%        N/A       45%         5


Dungeon Overview and Level Annotations

Branches:
Dungeon (4/15)
 Temple: D:4-7

Altars:
Okawaru
Yredelemnul


Innate Abilities, Weirdness & Mutations

You have very sharp teeth.
Your uncanny sense of smell can sniff out nearby items.
Your experience applies equally to all skills.


Message History

You open the door.
Found a hunting sling.
Found an escape hatch in the floor.
There is an open door here.
Found a chain mail.
Found a falchion.
p - 4 scrolls labelled SIXUTI ULAMNO (gained 1)
There is a shaft here.
p - 5 scrolls labelled SIXUTI ULAMNO (gained 1)
Found an iron altar of Okawaru.
Found a sedimented grey potion.
Found a stone staircase leading down.
Found a jewelled gold wand.
p - 6 scrolls labelled SIXUTI ULAMNO (gained 1)
k - 2 sedimented grey potions (gained 1)
v - a wand of paralysis (11)
Found a stone staircase leading down.
You now have 218 gold pieces (gained 17).
o - 2 fizzy grey potions (gained 1)
There is a stone staircase leading down here.
You open the door.
w - a viscous red potion
Found a stone staircase leading up.
An ogre comes into view. It is wielding a +0 giant club.
The ogre shouts!
The ogre closely misses you.
You sock the ogre!
The ogre is moderately wounded.
The ogre closely misses you.
You sock the ogre!
The ogre is heavily wounded.
The ogre hits you with a +0 giant club!
You barely miss the ogre.
The ogre is heavily wounded.
The ogre hits you with a +0 giant club!!
You are too injured to fight recklessly!
You are too injured to fight recklessly!
You barely miss the ogre.
The ogre is heavily wounded.
The ogre hits you with a +0 giant club!!
Ouch! That really hurt!
You die...

##.............
##......##...#
#......##+### ∆
#............ ∆
###....##.... ##
######....##....
#.##.##............
#O#.#.#............
#.@##.#.........>..
∆
####.##............
#.##.###...###...
#.#..####+####'##
#............#...
##...........#...
#...<.......#...
#...........#...
#...........#...


You could see an ogre.

Vanquished Creatures
  A phantom (D:4)
  Natasha (thrice) (D:2)
  Terence (D:2)
  Robin (D:2)
  2 adders
  2 worms
  6 bats
  5 endoplasms
  2 giant cockroaches
  8 hobgoblins
  9 jackals
  3 quokkas
  6 ball pythons
  4 frilled lizards
  10 goblins
  3 kobolds
  5 rats
  A spectral orc (D:3)
72 creatures vanquished.

Vanquished Creatures (others)
  3 demonic plants (D:1)
  7 fungi (D:1)
  7 plants (D:1)
  A withered plant (D:1)
18 creatures vanquished.

Grand Total: 90 creatures vanquished

Notes
Turn   | Place    | Note
-------+----------+-------------------------------------------
     0 | D:1      | Ablot the Gnoll Warper began the quest for the Orb.
     0 | D:1      | Reached XP level 1. HP: 20/20 MP: 6/6
   277 | D:1      | Reached XP level 2. HP: 25/26 MP: 7/7
   290 | D:1      | Learned a level 2 spell: Blink
   590 | D:1      | Reached XP level 3. HP: 31/31 MP: 9/9
   596 | D:1      | Reached skill level 5 in Spellcasting
   705 | D:1      | Found a faded altar of an unknown god.
  1234 | D:2      | Reached skill level 1 in Invocations
  1416 | D:2      | Noticed Robin
  1451 | D:2      | Killed Robin
  1452 | D:2      | Reached skill level 1 in Short Blades
  1452 | D:2      | Reached skill level 1 in Long Blades
  1452 | D:2      | Reached skill level 1 in Axes
  1452 | D:2      | Reached skill level 1 in Maces & Flails
  1452 | D:2      | Reached skill level 1 in Staves
  1452 | D:2      | Reached skill level 1 in Slings
  1452 | D:2      | Reached skill level 1 in Bows
  1452 | D:2      | Reached skill level 1 in Crossbows
  1452 | D:2      | Reached skill level 1 in Stealth
  1452 | D:2      | Reached skill level 1 in Shields
  1452 | D:2      | Reached skill level 1 in Unarmed Combat
  1452 | D:2      | Reached skill level 1 in Evocations
  1452 | D:2      | Reached XP level 4. HP: 11/38 MP: 7/11
  1773 | D:2      | Noticed Terence
  2053 | D:2      | Noticed Natasha
  2062 | D:2      | Killed Natasha
  2063 | D:2      | Reached skill level 1 in Conjurations
  2063 | D:2      | Reached skill level 1 in Hexes
  2063 | D:2      | Reached skill level 1 in Summonings
  2063 | D:2      | Reached skill level 1 in Necromancy
  2063 | D:2      | Reached skill level 1 in Transmutations
  2063 | D:2      | Reached skill level 1 in Fire Magic
  2063 | D:2      | Reached skill level 1 in Ice Magic
  2063 | D:2      | Reached skill level 1 in Air Magic
  2063 | D:2      | Reached skill level 1 in Earth Magic
  2063 | D:2      | Reached skill level 1 in Poison Magic
  2136 | D:2      | Found an iron altar of Okawaru.
  2142 | D:2      | Became a worshipper of Warmaster Okawaru
  2260 | D:2      | Noticed Natasha
  2275 | D:2      | Killed Natasha
  2276 | D:2      | Reached XP level 5. HP: 29/43 MP: 12/12
  2446 | D:2      | Noticed Natasha
  2460 | D:2      | Killed Natasha
  2652 | D:2      | Killed Terence
  3135 | D:3      | Found a basalt altar of Yredelemnul.
  3410 | D:4      | Noticed a phantom
  3415 | D:4      | Identified the +2 flail "Jokaw" {holy, rN++ Str+4 Int+3}
  3426 | D:4      | Killed a phantom
  3427 | D:4      | Reached XP level 6. HP: 49/50 MP: 14/14
  3504 | D:4      | Found an iron altar of Okawaru.
  3575 | D:4      | Mangled by an ogre

Illustrated notes

Levels and vault maps discovered:
D:1:      lightli_arrival_isolated_outpost, layout_loops_ring,
          shapermc_ecumenical_altar_gd, minivault_27
D:2:      layout_loops_ring, basic_altar, uniq_terence, uniq_robin, uniq_natasha
D:3:      layout_basic, yredelemnul_forgotten_temple_becter, serial_park_tiny_2
D:4:      layout_gridville, marbit_many_paths, lemuel_tele_altar,
          gammafunk_ghost_grave, serial_bayou_lake_a

Skill      XL: |  1  2  3  4  5 |
---------------+----------------+-----
Spellcasting   | 5 |  5.3
Invocations    | 1 2 |  2.1
Short Blades   | 1 |  1.9
Long Blades    | 1 |  1.9
Axes           | 1 |  1.9
Maces & Flails | 1 |  1.9
Staves         | 1 |  1.9
Slings         | 1 |  1.9
Bows           | 1 |  1.9
Crossbows      | 1 |  1.9
Stealth        | 1 |  1.9
Shields        | 1 |  1.9
Unarmed Combat | 1 |  1.9
Evocations     | 1 |  1.9
Conjurations   | 1 |  1.5
Hexes          | 1 |  1.5
Summonings     | 1 |  1.5
Necromancy     | 1 |  1.5
Transmutations | 1 |  1.5
Fire Magic     | 1 |  1.5
Ice Magic      | 1 |  1.5
Air Magic      | 1 |  1.5
Earth Magic    | 1 |  1.5
Poison Magic   | 1 |  1.5
Throwing       | 3 |  3.2
Armour         | 3 |  3.2
Fighting       | |  4.9
Polearms       | |  4.9
Dodging        | |  4.9
Translocations | |  5.6

Action                   |  1- 3 |  4- 6 || total
-------------------------+-------+-------++-------
Melee: Spear             |   136 |   128 ||   264
       Bite              |     8 |     9 ||    17
       Punch             |     2 |     1 ||     3
       Flail             |       |    10 ||    10
Throw: Stone             |     5 |       ||     5
       Dart              |       |     5 ||     5
 Cast: Blink             |     2 |     1 ||     3
 Stab: Sleeping          |     4 |     2 ||     6
Armor: Leather armour    |    15 |    15 ||    30
Dodge: Dodged            |    55 |    71 ||   126
